 Dungeon Crawl Stone Soup version 0.30-a0-800-g7c544603b3 (webtiles) character file.

Game seed: 15595703936601912175

99 Demosthentine the Poker (level 4, -1/51 HPs)
             Began as a Demonspawn Gladiator on Feb 22, 2023.
             Slain by a goblin
             ... wielding a +0 dagger
              (3 damage)
             ... on level 3 of the Dungeon.
             The game lasted 00:01:43 (1570 turns).

Demosthentine the Poker (Demonspawn Gladiator)      Turns: 1570, Time: 00:01:43

Health: -1/51      AC: 22    Str: 17    XL:     4   Next: 45%
Magic:  4/4        EV:  2    Int:  9    God:
Gold:   113        SH:  0    Dex: 14    Spells: 3/3 levels left

rFire   . . .      SeeInvis .    a - +1 trident (freeze)
rCold   . . .      Faith    .    (no shield)
rNeg    . . .      Spirit   .    (body armour currently unavailable)
rPois   +          Reflect  .    (helmet currently unavailable)
rElec   .          Harm     .    (cloak currently unavailable)
rCorr   .          Rampage  .    (gloves currently unavailable)
Will    .....      NoTele   +    (boots currently unavailable)
Stlth   +                        (no amulet)
HPRegen 0.28/turn                (no ring)
MPRegen 0.09/turn                (no ring)

@: lethally poisoned (-1 -> -5), tree-form, attractive, hasted, very quick
A: stationary, stasis, torment immunity, boosted hp, (hooves 1), powered by pain
1
a: no special abilities


You were on level 3 of the Dungeon.
You were a tree.
You visited 1 branch of the dungeon, and saw 3 of its levels.

You collected 113 gold pieces.

Inventory:

Hand Weapons
 a - a +1 trident of freezing (weapon)
Missiles
 d - 3 throwing nets (quivered)
 e - a javelin
Armour
 b - a +0 leather armour (melded)
 c - a +1 helmet (melded)
 f - a scarf of resistance (melded)
 h - a +1 pair of boots
Jewellery
 k - a ring of see invisible
Potions
 i - a potion of attraction
 j - a potion of haste
 l - a potion of mutation {unknown}
 p - a potion of magic {unknown}


   Skills:
 + Level 2.9 Fighting
 + Level 3.3 Polearms
 - Level 1.7 Throwing
 + Level 1.7 Armour
 + Level 3.3 Dodging


You had 3 spell levels left.
You didn't know any spells.
Your spell library was empty.

Dungeon Overview and Level Annotations

Branches:
Dungeon (3/15)

Altars:
Dithmenos


Innate Abilities, Weirdness & Mutations

You are a tree.
Your roots penetrate the ground, keeping you stationary.
You cannot be teleported.
You are immune to unholy pain and torment.
Your maximum health is greatly increased.
Your equipment is partially melded.
((You have large cloven feet.))
You sometimes gain a little power by taking damage.


Message History

The adder is severely wounded.
You feel sick. The adder bites you but does no damage.
The adder barely misses you. The goblin hits you but does no damage.
The adder barely misses you.
You are too injured to fight recklessly!
You are too injured to fight recklessly!
You are too injured to fight recklessly!
You are too injured to fight recklessly!
You closely miss the adder.
The adder is severely wounded.
You feel sick. The adder completely misses you. The adder closely misses you.
The goblin hits you but does no damage. The adder bites you.
You closely miss the adder. You kick the adder.
You kill the adder!
You feel sick. The adder bites you.
* * * LOW HITPOINT WARNING * * *
You are more poisoned.
The adder poisons you! The goblin hits you with a +0 dagger.
* * * LOW HITPOINT WARNING * * *
The adder bites you.
* * * LOW HITPOINT WARNING * * *
It was a potion of attraction.
You feel attractive to monsters.
* * * LOW HITPOINT WARNING * * *
You feel sick. The goblin misses you. The adder barely misses you.
It was a potion of haste.
You feel yourself speed up.
You hear the slow rusting of a drain very nearby.
* * * LOW HITPOINT WARNING * * *
You feel sick. The adder completely misses you.
The goblin hits you with a +0 dagger.
* * * LOW HITPOINT WARNING * * *
It was a potion of lignification.
You turn into a tree.
Your scarf of resistance melds into your body.
Your +1 helmet melds into your body.
Your +0 leather armour melds into your body.
You feel hot and cold all over.
Your roots penetrate the ground.
* * * LOW HITPOINT WARNING * * *
You feel sick. The adder bites you but does no damage.
The goblin hits you with a +0 dagger.
You die...

....................
......##†...##.........
.............#.........
.#....................##
...........##...........
......#....##......#....
........................
....<.##..#......g......
......###.#..)..♣†......
......# #........S......
.###..# ###.............
# .... #.............
##... #..............
..##..................
._.#..................
##........#####.....
#........## ##


You could see an adder and a goblin.

Vanquished Creatures
  4 adders
  A worm (D:3)
  2 dart slugs (D:1)
  2 bats (D:1)
  11 endoplasms
  6 giant cockroaches
  2 goblins
  6 hobgoblins
  4 quokkas
  A ball python (D:2)
  3 frilled lizards
  3 kobolds
  5 rats
50 creatures vanquished.

Notes
Turn   | Place    | Note
-------+----------+-------------------------------------------
     0 | D:1      | Demosthentine the Demonspawn Gladiator began the quest for
                  | the Orb.
     0 | D:1      | Reached XP level 1. HP: 16/16 MP: 1/1
   197 | D:1      | Gained mutation: You have large cloven feet. [demonic
                  | ancestry]
   197 | D:1      | Reached XP level 2. HP: 22/22 MP: 2/2
   470 | D:1      | Reached skill level 1 in Armour
   518 | D:1      | Gained mutation: You sometimes gain a little power by
                  | taking damage. [demonic ancestry]
   518 | D:1      | Reached XP level 3. HP: 20/28 MP: 3/3
  1027 | D:2      | Reached XP level 4. HP: 34/34 MP: 4/4
  1522 | D:3      | Found a shadowy altar of Dithmenos.
  1569 | D:3      | HP: 1/34 [goblin/+0 dagger (3)]
  1570 | D:3      | Slain by a goblin

Illustrated notes

Levels and vault maps discovered:
D:1:      roderic_crossed_star, layout_basic, minmay_tetromino_o2
D:2:      layout_basic
D:3:      layout_rooms, mainiacjoe_overflow_24_doors,
          nicolae_dithmenos_through_a_glass_darkly, gup_sewer_entry_spiral,
          minmay_surrounded

Skill      XL: |  1  2 |
---------------+-------+-----
Polearms       | 3 |  3.3
Dodging        | 3 |  3.3
Armour         | 1 |  1.7
Fighting       | |  2.9
Throwing       | |  1.7

Action                     |  1- 3 |  4- 6 || total
---------------------------+-------+-------++-------
  Melee: Trident           |   104 |    31 ||   135
         Kick              |     6 |     5 ||    11
    Use: Scroll            |     6 |     3 ||     9
         Potion            |       |     3 ||     3
   Stab: Sleeping          |     4 |       ||     4
 Armour: Leather armour    |    32 |    12 ||    44
         Skin              |       |     1 ||     1
  Dodge: Dodged            |    65 |    20 ||    85

Table legend: (Time is in decaauts)
 A = Elapsed time spent in this place.
 B = Non-inter-level travel time spent in this place.
 C = Inter-level travel time spent in this place.
 D = Time resting spent in this place.
 E = Time spent auto-exploring this place.
 F = Levels seen in this place.
 G = Mean time per level.
                   A        B        C        D        E       F      G
               +--------+--------+--------+--------+--------+-----+--------+
         Total |   1589 |   1515 |     74 |      0 |   1177 |   3 |  529.7 |
       Dungeon |   1589 |   1515 |     74 |      0 |   1177 |   3 |  529.7 |
               +--------+--------+--------+--------+--------+-----+--------+

Top non-repeatable levels by time:
     D:2: 828 daAuts
     D:1: 711 daAuts
     D:3: 50 daAuts
